 Dungeon Crawl Stone Soup version 0.29-a0-330-g52719c12eb (webtiles) character file.

Game seed: 16743164738580798346

142 Travstar the Skirmisher (level 5, -8/47 HPs)
             Began as a Hill Orc Abyssal Knight on May 20, 2022.
             Was a Priest of Lugonu.
             Mangled by an ogre
             ... wielding a +0 giant club
              (15 damage)
             ... on level 4 of the Dungeon.
             The game lasted 00:18:51 (3503 turns).

Travstar the Skirmisher (Hill Orc Abyssal Knight)   Turns: 3503, Time: 00:18:52

Health: -8/47      AC:  9    Str: 18    XL:     5   Next: 25%
Magic:  7/7        EV: 10    Int: 10    God:    Lugonu [***...]
Gold:   209        SH:  0    Dex: 11    Spells: 3/4 levels left

rFire   . . .      SeeInvis .   a - +1 hand axe
rCold   . . .      Faith    .   (no shield)
rNeg    . . .      Spirit   .   g - +0 ring mail
rPois   .          Reflect  .   k - +0 helmet
rElec   .          Harm     .   j - +0 cloak
rCorr   .          Rampage  .   (no gloves)
Will    .....                   f - +0 pair of boots
Stlth   +.........              (no amulet)
HPRegen 0.15/turn               l - ring of flight
MPRegen 0.10/turn               (no ring)

@: flying
A: no striking features
a: Renounce Religion, Depart the Abyss, Bend Space, Banish


You were on level 4 of the Dungeon.
You worshipped Lugonu.
Lugonu was most pleased with you.
You visited 1 branch of the dungeon, and saw 4 of its levels.
You visited the Abyss 1 time.

You collected 209 gold pieces.

Inventory:

Hand Weapons
 a - a +1 hand axe (weapon)
 i - a +2 vampiric whip
 q - a +2 club
 v - a +0 mace
Missiles
 c - 5 poisoned darts
 x - 67 stones
 C - 2 throwing nets
Armour
 b - a +0 leather armour
 f - a +0 pair of boots (worn)
 g - a +0 ring mail (worn)
 j - a +0 cloak (worn)
 k - a +0 helmet (worn)
 r - a +0 helmet
Magical Staves
 n - a staff of fire
Jewellery
 l - a ring of flight (left hand)
Wands
 p - a wand of polymorph (6)
Scrolls
 d - a scroll of vulnerability {unknown}
 m - a scroll of silence {unknown}
 o - 5 scrolls of teleportation {unknown}
 t - a scroll of noise {unknown}
 u - 2 scrolls of identify {unknown}
 y - 2 scrolls of fog {unknown}
 A - a scroll of torment {unknown}
 B - a scroll of enchant armour {unknown}
Potions
 e - a potion of invisibility {unknown}
 h - 5 potions of curing {unknown}
 s - a potion of attraction {unknown}
 w - a potion of lignification {unknown}
 z - a potion of might {unknown}


   Skills:
 + Level 4.5 Fighting
 + Level 4.5 Axes
 + Level 3.6 Armour
 + Level 1.1 Dodging
 + Level 0.3 Stealth
 + Level 2.8 Invocations


You had 3 spell levels left.
You knew the following spells:

 Your Spells              Type           Power      Damage    Failure   Level
a - Animate Skeleton      Necr           0%         N/A       54%         1

Your spell library contained the following spells:

 Spells                   Type           Power      Damage    Failure   Level
 Pain                     Necr           0%         1d4       54%         1
 Ignite Poison            Fire/Tmut/Pois 0%         N/A       89%         3
 Mephitic Cloud           Conj/Pois/Air  0%         N/A       89%         3
 Vampiric Draining        Necr           0%         2d6       89%         3
 Freezing Cloud           Conj/Ice/Air   0%         6-21      100%        5


Dungeon Overview and Level Annotations

Branches:
Dungeon (4/15)
 Temple: D:4-7

Altars:
Okawaru

Annotations:
D:2 Natasha


Message History

You kill the kobold!
Lugonu accepts your kill.
The kobold throws a stone.
The stone hits you.
The kobold throws a stone.
The stone hits you but does no damage.
You see here 13 stones.
You hit the kobold.
You kill the kobold!
Lugonu accepts your kill. The kobold closely misses you.
You see here 23 stones.
You hit the kobold.
The kobold is severely wounded.
The kobold misses you.
You barely miss the kobold.
The kobold is moderately wounded.
The kobold hits you but does no damage. The kobold closely misses you.
You hit the kobold.
You kill the kobold!
Lugonu accepts your kill.
x - 67 stones (gained 26)
An ogre comes into view. It is wielding a +0 giant club.
The ogre shouts!
The ogre hits you with a +0 giant club!!
You barely miss the ogre. You hit the ogre.
The ogre is lightly wounded.
The ogre hits you with a +0 giant club!!
* * * LOW HITPOINT WARNING * * *
You hit the ogre.
The ogre is moderately wounded.
The ogre barely misses you.
You hit the ogre.
The ogre is moderately wounded.
The ogre barely misses you.
You barely miss the ogre.
The ogre is moderately wounded.
You slash the ogre!
The ogre is severely wounded.
The ogre hits you with a +0 giant club!
You die...

#.# .# #.....####
##.##.# #. #.. .
#.....## ......# #.
#.#.# .......# ##.####
#..#.#.# # #####.###
<..# #..#.#.#. #.# ####
...... #.# # #..##
############.#.#########
................@O......
........................
..
....≈≈....≈≈..≈≈≈≈≈.≈≈≈≈
≈≈≈≈
≈≈≈≈≈......≈≈≈≈≈≈≈≈≈≈≈≈≈
≈≈≈≈
≈≈≈≈≈≈.....≈≈≈≈≈≈≈≈≈≈≈≈≈
≈≈≈≈
≈≈≈≈≈≈....≈≈≈≈≈≈≈≈≈≈≈≈≈≈
≈≈≈≈
#######++###############


You could see an ogre.

Vanquished Creatures
  Robin (D:2)
  3 gnolls (D:3)
  An adder (D:4)
  4 worms
  3 dart slugs
  3 orcs (D:3)
  2 ball pythons (D:1)
  A bat (D:2)
  4 endoplasms
  2 giant cockroaches
  13 goblins
  13 hobgoblins
  4 jackals (D:3)
  4 kobolds
  A quokka (D:1)
  5 frilled lizards (D:1)
  4 rats
68 creatures vanquished.

Vanquished Creatures (others)
  4 fungi (D:1)
  5 plants (D:1)
9 creatures vanquished.

Grand Total: 77 creatures vanquished

Notes
Turn   | Place    | Note
-------+----------+-------------------------------------------
     0 | Abyss:1  | Travstar the Hill Orc Abyssal Knight began the quest for
                  | the Orb.
     0 | Abyss:1  | Reached XP level 1. HP: 19/19 MP: 2/2
     1 | D:1      | Escaped the Abyss
    93 | D:1      | Reached ** piety under Lugonu
   139 | D:1      | Reached XP level 2. HP: 23/27 MP: 3/3
   699 | D:1      | Found a faded altar of an unknown god.
   721 | D:1      | Reached XP level 3. HP: 32/33 MP: 5/5
  1001 | D:2      | Reached skill level 1 in Dodging
  1169 | D:2      | Noticed Natasha
  1193 | D:2      | HP: 1/34 [Natasha/magic dart (6)]
  2017 | D:2      | Noticed Robin
  2098 | D:2      | Reached XP level 4. HP: 29/41 MP: 6/6
  2126 | D:2      | Killed Robin
  2237 | D:2      | Learned a level 1 spell: Animate Skeleton
  2672 | D:3      | Found an iron altar of Okawaru.
  2709 | D:3      | Reached XP level 5. HP: 26/47 MP: 7/7
  2709 | D:3      | Reached *** piety under Lugonu
  3494 | D:4      | Noticed an ogre
  3503 | D:4      | Mangled by an ogre

Illustrated notes

Levels and vault maps discovered:
D:1:      amcnicky_arrival_gap_in_the_tavern_cellar, layout_basic,
          dreamdust_ecumenical_altar_grove, hangedman_abyss_or_decor_stabs,
          minmay_misc_feat_room
D:2:      layout_rooms, uniq_robin, uniq_natasha
D:3:      layout_rooms, okawaru_altar_gauntlet_db
D:4:      minmay_goblin_kobold_castle, layout_loops_corners,
          minmay_temple_entry_statues_fountains, kennysheep_generic_room_12

Skill      XL: |  1  2  3  4 |
---------------+-------------+-----
Fighting       | 4 |  4.5
Axes           | 3 4 |  4.5
Dodging        | 1 |  1.1
Armour         | 3 |  3.6
Stealth        | |  0.3
Invocations    | |  2.8

Action                   |  1- 3 |  4- 6 || total
-------------------------+-------+-------++-------
Melee: Hand axe          |   164 |   108 ||   272
       Unarmed           |     1 |     1 ||     2
       Punch             |     1 |     1 ||     2
Invok: Depart the Abyss  |     1 |       ||     1
       Bend Space        |     5 |       ||     5
Armor: Leather armour    |    16 |       ||    16
       Ring mail         |    60 |    50 ||   110
       Skin              |       |     1 ||     1
Dodge: Dodged            |   100 |    60 ||   160

Table legend: (Time is in decaauts)
 A = Elapsed time spent in this place.
 B = Non-inter-level travel time spent in this place.
 C = Inter-level travel time spent in this place.
 D = Time resting spent in this place.
 E = Time spent auto-exploring this place.
 F = Levels seen in this place.
 G = Mean time per level.
                   A        B        C        D        E       F      G
               +--------+--------+--------+--------+--------+-----+--------+
         Total |   3539 |   3539 |      0 |      0 |      0 |   5 |  707.8 |
       Dungeon |   3538 |   3538 |      0 |      0 |      0 |   4 |  884.5 |
         Abyss |      1 |      1 |      0 |      0 |      0 |   1 |    1.0 |
               +--------+--------+--------+--------+--------+-----+--------+

Top non-repeatable levels by time:
     D:1: 1626 daAuts
     D:2: 867 daAuts
     D:3: 564 daAuts
     D:4: 479 daAuts
 Abyss:1: 1 daAuts
